TOP OF THE 1ST |
Staten Island Yankees batting - Pitching for Connecticut Tigers : RHP Mike Valdivia
|
Pitching: RHP Mike Valdivia
|
|
Batting: LHB Carlos Palau
|
0-0: Ball 1-0: Swinging Strike 1-1: DOUBLE (Groundball, 3L, EV 106.2 MPH)
|
Batting: LHB Justin Short
|
0-0: Foul Ball, location: 2F 0-1: Swinging Strike 0-2: Ball 1-2: Strikes out swinging
|
Batting: RHB Brad Wren
|
0-0: Ball 1-0: Ball 2-0: Ball 3-0: Base on Balls
|
Batting: RHB Jesus Ruiz
|
0-0: Ball 1-0: Grounds into double play, 6-4-3 (Groundball, 6, EV 85.6 MPH)
|
Top of the 1st over - 0 runs, 1 hit, 0 errors, 1 left on base; Staten Island 0 - Connecticut 0 |
BOTTOM OF THE 1ST |
Connecticut Tigers batting - Pitching for Staten Island Yankees : LHP Daniel Fagan
|
Pitching: LHP Daniel Fagan
|
|
Batting: LHB Timotheus Young
|
0-0: Swinging Strike 0-1: Ground out 6-3 (Groundball, 6, EV 83.8 MPH)
|
Batting: RHB Tony Nunez
|
0-0: Ball 1-0: Ball 2-0: Ball 3-0: Called Strike 3-1: SINGLE (Line Drive, 8RS, EV 92.5 MPH)
|
Batting: SHB Sean Foley
|
0-0: Ball 1-0: Fielders Choice at 2nd, 6-4 (Groundball, 6, EV 78.8 MPH)
|
Batting: RHB George Sonier
|
0-0: Ball Sean Foley is caught stealing 2nd base 2-4
|
Bottom of the 1st over - 0 runs, 1 hit, 0 errors, 0 left on base; Staten Island 0 - Connecticut 0 |
TOP OF THE 2ND |
Staten Island Yankees batting - Pitching for Connecticut Tigers : RHP Mike Valdivia
|
Batting: RHB Matt Thompson
|
0-0: Called Strike 0-1: Ground out 4-3 (Groundball, 4, EV 81.9 MPH)
|
Batting: RHB Daniel Underhay
|
0-0: Called Strike 0-1: Ball 1-1: Ball 2-1: Ground out 5-3 (Groundball, 56S, EV 71.2 MPH)
|
Batting: LHB Dario Segura
|
0-0: Called Strike 0-1: Swinging Strike 0-2: Ball 1-2: Fly out, F4 (Line Drive, 4D, EV 72.5 MPH)
|
Top of the 2nd over - 0 runs, 0 hits, 0 errors, 0 left on base; Staten Island 0 - Connecticut 0 |
BOTTOM OF THE 2ND |
Connecticut Tigers batting - Pitching for Staten Island Yankees : LHP Daniel Fagan
|
Batting: RHB George Sonier
|
0-0: Fly out, F7 (Line Drive, 7, EV 95.0 MPH)
|
Batting: RHB Juan Acero
|
0-0: Called Strike 0-1: Ball 1-1: Swinging Strike 1-2: Strikes out swinging
|
Batting: SHB Ronnie Lundy
|
0-0: Fly out, F6 (Popup, 6MD, EV 55.0 MPH)
|
Bottom of the 2nd over - 0 runs, 0 hits, 0 errors, 0 left on base; Staten Island 0 - Connecticut 0 |
TOP OF THE 3RD |
Staten Island Yankees batting - Pitching for Connecticut Tigers : RHP Mike Valdivia
|
Batting: RHB Norimoto Miyanishi
|
0-0: Called Strike 0-1: Ground out 5-3 (Groundball, 56, EV 101.2 MPH)
|
Batting: RHB Alex Blanco
|
0-0: Foul Ball, location: 2F 0-1: Ball 1-1: Ground out 4-3 (Groundball, 4, EV 91.9 MPH)
|
Batting: LHB Carlos Palau
|
0-0: Ball 1-0: Called Strike 1-1: Ball 2-1: Foul Ball, location: 2F 2-2: Foul Ball, location: 2F 2-2: Foul Ball, location: 2F 2-2: Foul Ball, location: 2F 2-2: Strikes out looking
|
Top of the 3rd over - 0 runs, 0 hits, 0 errors, 0 left on base; Staten Island 0 - Connecticut 0 |
BOTTOM OF THE 3RD |
Connecticut Tigers batting - Pitching for Staten Island Yankees : LHP Daniel Fagan
|
Batting: SHB Ryohei Nakano
|
0-0: Ball 1-0: Ball 2-0: Ball 3-0: Base on Balls
|
Batting: RHB Jordan Hall
|
0-0: Called Strike 0-1: Foul Ball, location: 2F 0-2: Ball 1-2: Strikes out swinging
|
Batting: RHB Dustin Bursell
|
0-0: Ball 1-0: Called Strike Ryohei Nakano steals 2nd base 1-1: Ball 2-1: Swinging Strike 2-2: Foul Ball, location: 2F 2-2: Strikes out swinging
|
Batting: LHB Timotheus Young
|
0-0: Swinging Strike 0-1: Ball Passed Ball! Ryohei Nakano to third 1-1: Ball 2-1: SINGLE (Groundball, 34D, EV 106.2 MPH) Ryohei Nakano scores
|
Batting: RHB Tony Nunez
|
0-0: Called Strike 0-1: Called Strike 0-2: Fly out, F8 (Flyball, 8RM, EV 86.9 MPH)
|
Bottom of the 3rd over - 1 run, 1 hit, 0 errors, 1 left on base; Staten Island 0 - Connecticut 1 |
TOP OF THE 4TH |
Staten Island Yankees batting - Pitching for Connecticut Tigers : RHP Mike Valdivia
|
Batting: LHB Justin Short
|
0-0: Fly out, F7 (Line Drive, 7, EV 88.8 MPH)
|
Batting: RHB Brad Wren
|
0-0: SINGLE (Groundball, 3D, EV 94.4 MPH)
|
Batting: RHB Jesus Ruiz
|
0-0: Grounds into double play, 6-4-3 (Groundball, 6, EV 108.8 MPH)
|
Top of the 4th over - 0 runs, 1 hit, 0 errors, 0 left on base; Staten Island 0 - Connecticut 1 |
BOTTOM OF THE 4TH |
Connecticut Tigers batting - Pitching for Staten Island Yankees : LHP Daniel Fagan
|
Batting: SHB Sean Foley
|
0-0: Ball 1-0: Foul Ball, location: 2F 1-1: Ground out 5-3 (Groundball, 56, EV 103.8 MPH)
|
Batting: RHB George Sonier
|
0-0: Ball 1-0: Called Strike 1-1: Foul Ball, location: 2F 1-2: Strikes out looking
|
Batting: RHB Juan Acero
|
0-0: Ball 1-0: Ball 2-0: Called Strike 2-1: Ground out 5-3 (Groundball, 56, EV 108.8 MPH)
|
Bottom of the 4th over - 0 runs, 0 hits, 0 errors, 0 left on base; Staten Island 0 - Connecticut 1 |
TOP OF THE 5TH |
Staten Island Yankees batting - Pitching for Connecticut Tigers : RHP Mike Valdivia
|
Batting: RHB Matt Thompson
|
0-0: Called Strike 0-1: Called Strike 0-2: Ball 1-2: Strikes out swinging
|
Batting: RHB Daniel Underhay
|
0-0: Ball 1-0: Fly out, F8 (Flyball, 8LXD, EV 111.9 MPH)
|
Batting: LHB Dario Segura
|
0-0: Called Strike 0-1: Swinging Strike 0-2: Ball 1-2: Strikes out looking
|
Top of the 5th over - 0 runs, 0 hits, 0 errors, 0 left on base; Staten Island 0 - Connecticut 1 |
BOTTOM OF THE 5TH |
Connecticut Tigers batting - Pitching for Staten Island Yankees : LHP Daniel Fagan
|
Batting: SHB Ronnie Lundy
|
0-0: Foul Ball, location: 2F 0-1: Called Strike 0-2: Ball 1-2: Ball 2-2: Fly out, F9 (Flyball, 9S, EV 78.8 MPH)
|
Batting: SHB Ryohei Nakano
|
0-0: Fly out, F7 (Flyball, 78M, EV 95.6 MPH)
|
Batting: RHB Jordan Hall
|
0-0: Ball 1-0: SINGLE (Line Drive, 6, EV 95.6 MPH)
|
Batting: RHB Dustin Bursell
|
0-0: Called Strike 0-1: Ball 1-1: Foul Ball, location: 2F 1-2: Ball 2-2: Ball 3-2: Fly out, F8 (Flyball, 8LD, EV 100.6 MPH)
|
Bottom of the 5th over - 0 runs, 1 hit, 0 errors, 1 left on base; Staten Island 0 - Connecticut 1 |
TOP OF THE 6TH |
Staten Island Yankees batting - Pitching for Connecticut Tigers : RHP Mike Valdivia
|
Batting: RHB Norimoto Miyanishi
|
0-0: Called Strike 0-1: Ground out 6-3 (Groundball, 6, EV 85.0 MPH)
|
Batting: RHB Alex Blanco
|
0-0: Foul Ball, location: 2F 0-1: Swinging Strike 0-2: Strikes out swinging
|
Batting: LHB Carlos Palau
|
0-0: Called Strike 0-1: Ball 1-1: Swinging Strike 1-2: Ball 2-2: Fly out, F2 (Popup, 25F, EV 86.9 MPH)
|
Top of the 6th over - 0 runs, 0 hits, 0 errors, 0 left on base; Staten Island 0 - Connecticut 1 |
BOTTOM OF THE 6TH |
Connecticut Tigers batting - Pitching for Staten Island Yankees : LHP Daniel Fagan
|
Batting: LHB Timotheus Young
|
0-0: Bunt missed! 0-1: Ball 1-1: Ball 2-1: Ball 3-1: Ground out 4-3 (Groundball, 4, EV 81.9 MPH)
|
Batting: RHB Tony Nunez
|
0-0: Called Strike 0-1: Called Strike 0-2: Ball 1-2: Ball 2-2: Foul Ball, location: 2F 2-2: Ball 3-2: SINGLE (Groundball, 15S, EV 60.6 MPH) (infield hit)
|
Batting: SHB Sean Foley
|
0-0: Ball 1-0: Ball Wild Pitch! Tony Nunez to second 2-0: Intentional Walk
|
Batting: RHB George Sonier
|
0-0: Ball 1-0: Swinging Strike 1-1: Ball 2-1: Ball 3-1: Base on Balls Tony Nunez to third Sean Foley to second
|
Batting: RHB Juan Acero
|
0-0: Ball 1-0: Swinging Strike 1-1: Ball 2-1: Fly out, F7 (Line Drive, 7S, EV 86.2 MPH)
|
Batting: SHB Ronnie Lundy
|
0-0: Called Strike 0-1: Foul Ball, location: 2F 0-2: Foul Ball, location: 2F 0-2: Strikes out swinging
|
Bottom of the 6th over - 0 runs, 1 hit, 0 errors, 3 left on base; Staten Island 0 - Connecticut 1 |
TOP OF THE 7TH |
Staten Island Yankees batting - Pitching for Connecticut Tigers : RHP Mike Valdivia
|
Now in LF: Isao Fukui
|
|
Batting: LHB Justin Short
|
0-0: Foul Ball, location: 2F 0-1: Foul Ball, location: 2F 0-2: SINGLE (Groundball, 4MD, EV 100.6 MPH)
|
Batting: RHB Brad Wren
|
0-0: Ball 1-0: Ball 2-0: Ball 3-0: Called Strike 3-1: Called Strike 3-2: Base on Balls Justin Short to second
|
Batting: RHB Jesus Ruiz
|
0-0: Hit by Pitch Justin Short to third Brad Wren to second
|
Batting: RHB Matt Thompson
|
0-0: Foul Ball, location: 2F 0-1: Called Strike 0-2: Foul Ball, location: 2F 0-2: Strikes out looking
|
Batting: RHB Daniel Underhay
|
0-0: Called Strike 0-1: Ball 1-1: SINGLE (Line Drive, 4M, EV 94.4 MPH) Justin Short scores Brad Wren to third Jesus Ruiz to second
|
Batting: LHB Dario Segura
|
0-0: Foul Ball, location: 2F 0-1: Ball 1-1: Foul Ball, location: 2F 1-2: Strikes out looking
|
Pitching: RHP Matt Haberle
|
|
Batting: RHB Norimoto Miyanishi
|
0-0: Foul Ball, location: 2F 0-1: Ball 1-1: Foul Ball, location: 2F 1-2: Strikes out looking
|
Top of the 7th over - 1 run, 2 hits, 0 errors, 3 left on base; Staten Island 1 - Connecticut 1 |
BOTTOM OF THE 7TH |
Connecticut Tigers batting - Pitching for Staten Island Yankees : LHP Daniel Fagan
|
Batting: SHB Ryohei Nakano
|
0-0: Called Strike 0-1: Ball 1-1: Swinging Strike 1-2: SOLO HOME RUN (Flyball, 7LD, EV 95.0 MPH), Distance : 353 ft
|
Batting: RHB Jordan Hall
|
0-0: Called Strike 0-1: Ball 1-1: Foul Ball, location: 2F 1-2: Ball 2-2: Strikes out swinging
|
Batting: RHB Dustin Bursell
|
0-0: Ball 1-0: Fly out, F8 (Flyball, 8LM, EV 75.6 MPH)
|
Batting: LHB Timotheus Young
|
0-0: Called Strike 0-1: Ball 1-1: Foul Ball, location: 2F 1-2: Foul Ball, location: 2F 1-2: Ball 2-2: Strikes out swinging
|
Bottom of the 7th over - 1 run, 1 hit, 0 errors, 0 left on base; Staten Island 1 - Connecticut 2 |
TOP OF THE 8TH |
Staten Island Yankees batting - Pitching for Connecticut Tigers : RHP Matt Haberle
|
Now at 3B: Zach Rose
|
|
Batting: RHB Alex Blanco
|
0-0: Ball 1-0: DOUBLE (Line Drive, 78XD, EV 99.4 MPH)
|
Batting: LHB Carlos Palau
|
0-0: Ball 1-0: Ball 2-0: Ball 3-0: Called Strike 3-1: Called Strike 3-2: Ground out 4-3 (Groundball, 4, EV 101.2 MPH) Alex Blanco to third
|
Batting: LHB Justin Short
|
0-0: Ball 1-0: Ball 2-0: Called Strike 2-1: Ball 3-1: Foul Ball, location: 2F 3-2: Foul Ball, location: 2F 3-2: Strikes out swinging
|
Pitching: RHP Bert Hernandez
|
|
Batting: RHB Brad Wren
|
0-0: Ball 1-0: Swinging Strike 1-1: Ball 2-1: Foul Ball, location: 2F 2-2: Strikes out swinging
|
Top of the 8th over - 0 runs, 1 hit, 0 errors, 1 left on base; Staten Island 1 - Connecticut 2 |
BOTTOM OF THE 8TH |
Connecticut Tigers batting - Pitching for Staten Island Yankees : LHP Daniel Fagan
|
Pitching: RHP Francisco Rosado
|
|
Batting: RHB Tony Nunez
|
0-0: Ball 1-0: SINGLE (Line Drive, 78S, EV 91.2 MPH)
|
Batting: SHB Sean Foley
|
0-0: Ball 1-0: Ball 2-0: Foul Ball, location: 2F 2-1: Ball 3-1: Ground out 6-3 (Groundball, 6S, EV 61.9 MPH) Tony Nunez to second
|
Batting: RHB George Sonier
|
0-0: Ball 1-0: Ball 2-0: Called Strike 2-1: Fly out, F9 (Line Drive, 9, EV 88.8 MPH)
|
Batting: RHB Juan Acero
|
0-0: Called Strike 0-1: Ball 1-1: DOUBLE (Line Drive, 78XD, EV 104.4 MPH) Tony Nunez scores
|
Batting: LHB Isao Fukui
|
0-0: Called Strike 0-1: Ground out 4-3 (Groundball, 13, EV 81.2 MPH)
|
Bottom of the 8th over - 1 run, 2 hits, 0 errors, 1 left on base; Staten Island 1 - Connecticut 3 |
TOP OF THE 9TH |
Staten Island Yankees batting - Pitching for Connecticut Tigers : RHP Bert Hernandez
|
Pitching: RHP Denzel McPherson
|
|
Batting: RHB Jesus Ruiz
|
0-0: Foul Ball, location: 2F 0-1: Foul Ball, location: 2F 0-2: SINGLE (Line Drive, 34, EV 99.4 MPH)
|
Batting: RHB Matt Thompson
|
0-0: Ball 1-0: Foul Ball, location: 2F 1-1: Foul Ball, location: 2F 1-2: Ball 2-2: Strikes out looking
|
Batting: RHB Daniel Underhay
|
0-0: Called Strike 0-1: Fly out, F7 (Flyball, 7, EV 79.4 MPH)
|
Batting: LHB Dario Segura
|
0-0: Called Strike 0-1: Ball Wild Pitch! Jesus Ruiz to second 1-1: Ball 2-1: Ball 3-1: Base on Balls
|
Pinch Hitting: RHB Edite Leoni
|
0-0: Swinging Strike 0-1: Foul Ball, location: 2F 0-2: Ball 1-2: Fielders Choice at 2nd, 6-4 (Groundball, 6, EV 99.4 MPH)
|
Top of the 9th over - 0 runs, 1 hit, 0 errors, 2 left on base; Staten Island 1 - Connecticut 3 |
|